cohdb
Replays
Latest Replays
All Replays
Popular Replays
Top Player Replays
Match Explorer
How It Works
Community
CoH3 Stats
Reddit
Sign in to upload your games and track your stats! →
Sign in with Steam
Match 37542387
Unlisted
Match 37542387
Overview
Messages
Build Orders
End
Construct Barracks
Selects Armored Battlegroup
Selects Assault Engineers
Assault Engineer Squad
Riflemen Squad
Construct Weapon Support Center
M1 Mortar Team
M1919 Machine Gun Team
Mechanized Support Center
Selects Fast Deploy
Sniper
Construct Motor Pool
M1 Anti-tank Gun Team
M3 75 mm Gun Motor Carriage
Improvised Armor
M1919 Machine Gun Team
Selects Field Repairs
Construct Tank Depot
Assault Engineer Squad
Grenade Package
Riflemen Squad
M18 Hellcat Tank Destroyer
Selects War Machine
.30 cal Machine Gun
M18 Hellcat Tank Destroyer
M4A1 Sherman Medium Tank
M18 Hellcat Tank Destroyer
M1 Mortar Team
Selects Seek and Destroy
Scout Squad
M1 Mortar Team
M1919 Machine Gun Team
Designate Forward Repair Station
Riflemen Squad
Riflemen Squad
M1919 Machine Gun Team
M18 Hellcat Tank Destroyer
Selects M4A3E8 Sherman Combat Group
M4A3E8 Sherman Combat Group
Last_Winter
DimScorp
GOJA
MuniekPL
Husar
TheMightyBob
0
0
Comments
sign in to comment!
No comments posted yet!